 Dungeon Crawl Stone Soup version 0.21.0-24-g2553a3340b (webtiles) character file.

135 Krosko the Conjurer (level 4, 0/37 HPs)
             Began as a Draconian Conjurer on Jan 21, 2018.
             Slain by a gnoll
             ... wielding a +0 whip
              (7 damage)
             ... on level 3 of the Dungeon.
             The game lasted 00:16:32 (2352 turns).

Krosko the Conjurer (Draconian Conjurer)            Turns: 2352, Time: 00:16:32

Health: 0/37       AC:  5    Str: 10    XL:     4   Next: 97%
Magic:  5/8        EV: 12    Int: 16    God:
Gold:   142        SH:  0    Dex: 12    Spells: 2/9 levels left

rFire    . . .     SeeInvis .   d - +0 short sword
rCold    . . .     Gourm    .   (no shield)
rNeg     . . .     Faith    .   (armour unavailable)
rPois    .         Spirit   .   (helmet restricted)
rElec    .         Reflect  .   (no cloak)
rCorr    .         Harm     .   (no gloves)
MR       .....                  (no boots)
Stlth    ++........             j - amulet of regeneration
HPRegen  0.52/turn              (no ring)
MPRegen  0.11/turn              (no ring)

@: very slightly contaminated
A: unfitting armour, cold-blooded, AC +5
a: no special abilities


You were on level 3 of the Dungeon.
You were hungry.

You visited 1 branch of the dungeon, and saw 3 of its levels.

You collected 142 gold pieces.

Inventory:

Hand Weapons
 d - a +0 short sword (weapon)
 g - a +0 dagger
Jewellery
 j - an amulet of regeneration (around neck)
Scrolls
 c - a scroll of random uselessness {unknown}
 e - a scroll of teleportation {unknown}
 m - a scroll of immolation {unknown}
Potions
 f - 2 potions of curing {unknown}
 h - a potion of lignification {unknown}
 k - a potion of haste {unknown}
 l - a potion of ambrosia {unknown}
Books
 a - a book of Conjurations

   Spells                             Type                      Level
   a - Magic Dart                     Conjuration                  1
   b - Searing Ray                    Conjuration                  2
   c - Dazzling Spray                 Conjuration/Hexes            3
   d - Fulminant Prism                Conjuration/Hexes            4
   e - Force Lance                    Conjuration/Translocation    4
   f - Iskenderun's Mystic Blast      Conjuration                  4
Comestibles
 b - 7 rations


   Skills:
 + Level 2.7 Fighting
 - Level 1.7 Dodging
 - Level 1.7 Stealth
 + Level 3.1 Spellcasting
 + Level 5.0 Conjurations


You had 2 spell levels left.
You knew the following spells:

 Your Spells              Type           Power        Failure   Level  Hunger
a - Magic Dart            Conj           ###.         2%          1    #......
b - Searing Ray           Conj           ###...       3%          2    ##.....
c - Force Lance           Conj/Tloc      ##......     54%         4    #####..


Dungeon Overview and Level Annotations

Branches:
Dungeon (3/15)

Altars:
Cheibriados
Dithmenos
Okawaru

Portals:
Sewer: D:3


Innate Abilities, Weirdness & Mutations

Your plain brown scales are hard. (AC +5)
You cannot fit into any form of body armour.
You are cold-blooded and may be slowed by cold attacks.


Message History

The gnoll is severely wounded.
The gnoll hits you with a whip!
You hit the gnoll.
The gnoll is almost dead.
The gnoll closely misses you.
You closely miss the gnoll.
You tail-slap the gnoll, but do no damage.
The gnoll is almost dead.
The gnoll hits you with a whip.
* * * LOW HITPOINT WARNING * * *
You barely miss the gnoll.
Your tail-slap misses the gnoll.
The gnoll is almost dead.
The gnoll misses you.
You barely miss the gnoll. You tail-slap the gnoll.
You kill the gnoll!
Your Conjurations skill increases to level 5!
You hit the gnoll but do no damage. The gnoll hits you with a whip.
* * * LOW HITPOINT WARNING * * *
You hit the gnoll but do no damage. The gnoll hits you with a whip!
You die...

#.#.#.#.#.#.#.#.#..# ##..# #
#.#.#.#.#.#.#.#.#.#.######..# .#
#.# .#.#.#.#.#.#.#......##..#
#.#.#.#.#.#.#.#.#.#.#.####......#
.#.#.#.#.#.#.#.#.#.#.#.###..###..
#.#.#.#.#.#.#.#.#.#.#.#..÷..# ##.
.#.#.#.#.#.#.#.#.#.#.#.###.## #.
#.#.#.#.#.#.#.#.#.#.#.####.# #.
.#.#.#.#.#.#.#.#@#.#.#.....# #.
#.#.#.#(#.#)#.#g#.#.#.###########
.#.#g#.#.#.#.#g#.#.#.#.# #.......
#.#(#.#.#.#.#K#.#.#.#.## #.......
+#(#.#.#.#.#g#.#.#.#.#.# #.......
.g(g#.#.#.#.#.#.#.#÷#.## #######.
..K#.#g#.#)#.#.#.#+#.#'#########.
...+#[#.#.#.#.#.#................
..K##############................


You could see 3 gnolls and a kobold.

Vanquished Creatures
  A gnoll (D:3)
  2 adders (D:2)
  An ooze (D:2)
  2 worms (D:3)
  2 dart slugs
  3 leopard geckos
  6 giant cockroaches
  11 goblins
  9 hobgoblins
  18 jackals
  6 bats
  3 frilled lizards
  8 kobolds
  9 rats
81 creatures vanquished.

Notes
Turn   | Place    | Note
-------+----------+-------------------------------------------
     0 | D:1      | Krosko the Draconian Conjurer began the quest for the Orb.
     0 | D:1      | Reached XP level 1. HP: 14/14 MP: 3/3
    82 | D:1      | Reached XP level 2. HP: 19/22 MP: 0/5
   143 | D:1      | Reached skill level 1 in Fighting
   268 | D:1      | Reached XP level 3. HP: 19/28 MP: 6/6
   948 | D:2      | Reached XP level 4. HP: 18/36 MP: 4/8
  1622 | D:2      | Found an iron altar of Okawaru.
  1731 | D:2      | Found a snail-covered altar of Cheibriados.
  1733 | D:2      | Found a shadowy altar of Dithmenos.
  1938 | D:3      | Found a glowing drain.
  2019 | D:2      | You fall through a shaft!
  2274 | D:3      | Learned a level 2 spell: Searing Ray
  2279 | D:3      | Learned a level 4 spell: Force Lance
  2349 | D:3      | Reached skill level 5 in Conjurations
  2352 | D:3      | Slain by a gnoll

Skill      XL: |  1  2  3  4 |
---------------+-------------+-----
Fighting       | 1 2 |  2.7
Spellcasting   | 3 |  3.1
Conjurations   | 5 |  5.0
Dodging        | |  1.7
Stealth        | |  1.7

Action                   |  1- 3 |  4- 6 || total
-------------------------+-------+-------++-------
Melee: Short sword       |   129 |   147 ||   276
       Unarmed           |     9 |       ||     9
       Tailslap          |    15 |    13 ||    28
 Cast: Magic Dart        |    35 |    17 ||    52
 Stab: Sleeping          |     1 |     1 ||     2
  Eat: Chunk             |       |     5 ||     5
Armor: Skin              |    63 |    49 ||   112
Dodge: Dodged            |   110 |   116 ||   226
